 Dungeon Crawl Stone Soup version 0.25-a0-35-g747a2b3c0c (webtiles) character file.

Game seed: 11101919223979647080, levelgen mode: deterministic

200 Arixos the Skirmisher (level 5, -4/42 HPs)
             Began as a Demonspawn Monk on Oct 19, 2019.
             Killed by divine providence
             ... invoked by an orc priest
              (11 damage)
             ... on level 4 of the Dungeon.
             The game lasted 00:09:13 (2999 turns).

Arixos the Skirmisher (Demonspawn Monk)             Turns: 2999, Time: 00:09:14

Health: -4/42      AC:  3    Str: 12    XL:     5   Next: 49%
Magic:  14/14      EV: 13    Int: 12    God:
Gold:   222        SH:  0    Dex: 15    Spells: 4/4 levels left

rFire    . . .     SeeInvis .   f - +5 club
rCold    . . .     Gourm    .   (no shield)
rNeg     . . .     Faith    .   l - +0 leather armour
rPois    .         Spirit   .   (no helmet)
rElec    .         Reflect  .   (no cloak)
rCorr    +         Harm     .   (no gloves)
MR       .....                  (no boots)
Stlth    ++........             (no amulet)
HPRegen  0.14/turn              j - ring of resist corrosion
MPRegen  0.14/turn              n - ring of magical power

@: no status effects
A: hooves 1, demonic guardian 1, rot immunity
a: no special abilities


You were on level 4 of the Dungeon.
You were not hungry.

You visited 1 branch of the dungeon, and saw 4 of its levels.

You collected 222 gold pieces.

Inventory:

Hand Weapons
 f - a +5 club (weapon)
Armour
 a - a +0 robe
 l - a +0 leather armour (worn)
Jewellery
 j - a ring of resist corrosion (left hand)
 n - a ring of magical power (right hand)
Wands
 e - a wand of flame (19)
Scrolls
 d - a scroll of blinking {unknown}
 h - 2 scrolls of enchant armour {unknown}
 i - 2 scrolls of identify {unknown}
 o - a scroll of fear {unknown}
 p - a scroll of teleportation {unknown}
 r - a scroll of noise {unknown}
Potions
 c - a potion of heal wounds {unknown}
 g - a potion of might {unknown}
 k - a potion of resistance {unknown}
 m - a potion of mutation {unknown}
Comestibles
 b - 7 rations
 q - 4 chunks of flesh


   Skills:
 + Level 4.0 Fighting
 + Level 2.2 Armour
 + Level 3.6 Dodging
 - Level 1.7 Stealth
 + Level 3.6 Unarmed Combat


You had 4 spell levels left.
You didn't know any spells.
Your spell library was empty.

Dungeon Overview and Level Annotations

Branches:
Dungeon (4/15)
 Temple: D:4-7

Altars:
Gozag
Nemelex Xobeh
Qazlal
Trog


Innate Abilities, Weirdness & Mutations

You have large cloven feet.
A weak demonic guardian rushes to your aid.
You are immune to rotting.


Message History

Your quasit claws the orc wizard.
The orc wizard points at you and mumbles some strange words.
The magic dart hits your quasit!
Your quasit barely misses the orc wizard. x3
The orc priest calls down the wrath of Beogh upon you.
Beogh smites you!
The orc wizard hits your quasit with a +0 dagger.
Your quasit dies!
The orc wizard gestures wildly while chanting.
The orc wizard blinks!
The orc priest invokes the aid of Beogh against you.
Beogh smites you!
* * * LOW HITPOINT WARNING * * *
An orc comes into view. It is wielding a +0 short sword.
The orc shouts!
Your iron imp disappears in a puff of smoke!
The orc priest misses your ufetubus.
The orc priest invokes the aid of Beogh against you.
Beogh smites you!
You die...

# ### #.#.# .#.# ..#
#o### ##.#@#.# .
..#.5.# ...
#.###.#####h.###
######.#...oh)o.h....
#..........#####..###
#..........# ...
#..........# #
#..........#
...........##.##


You could see an orc priest, an orc, a jackal and a friendly ufetubus.

Vanquished Creatures
  Terence (D:2)
  Robin (D:1)
  6 adders
  An ooze (D:2)
  A worm (D:2)
  2 dart slugs (D:1)
  A leopard gecko (D:3)
  4 orcs
  4 giant cockroaches
  15 goblins
  10 hobgoblins
  A jackal (D:3)
  7 bats
  7 frilled lizards
  6 kobolds
  9 rats
76 creatures vanquished.

Vanquished Creatures (collateral kills)
  An orc priest (D:4)
  An adder (D:2)
  3 orcs (D:4)
  A rat (D:2)
6 creatures vanquished.

Vanquished Creatures (others)
  An orc wizard (D:4)
1 creature vanquished.

Grand Total: 83 creatures vanquished

Notes
Turn   | Place    | Note
-------+----------+-------------------------------------------
     0 | D:1      | Arixos the Demonspawn Monk began the quest for the Orb.
     0 | D:1      | Reached XP level 1. HP: 18/18 MP: 1/1
   270 | D:1      | Gained mutation: A weak demonic guardian rushes to your
                  | aid. [demonic ancestry]
   270 | D:1      | Reached XP level 2. HP: 22/24 MP: 2/2
   674 | D:1      | Reached skill level 1 in Armour
   766 | D:1      | Gained mutation: You have large cloven feet. [demonic
                  | ancestry]
   766 | D:1      | Reached XP level 3. HP: 29/29 MP: 3/3
   855 | D:2      | Noticed Robin
  1059 | D:1      | Killed Robin
  1205 | D:2      | Noticed Terence
  1218 | D:2      | Killed Terence
  1218 | D:2      | Gained mutation: You are immune to rotting. [demonic
                  | ancestry]
  1218 | D:2      | Reached XP level 4. HP: 34/36 MP: 4/4
  1734 | D:2      | Found a bloodstained altar of Trog.
  1966 | D:3      | Found an opulent altar of Gozag.
  2344 | D:3      | Reached XP level 5. HP: 36/42 MP: 5/5
  2543 | D:3      | Found a stormy altar of Qazlal.
  2543 | D:3      | Found a sparkling altar of Nemelex Xobeh.
  2870 | D:4      | Reached skill level 4 in Fighting
  2999 | D:4      | Killed from afar by an orc priest

Levels and vault maps discovered:
D:1:      ncdulo_wetmaze, layout_basic, minmay_ruptured
D:2:      layout_basic, marbit_many_paths, hex_tiny, kennysheep_generic_room_14,
          uniq_robin, uniq_terence
D:3:      layout_rooms, lemuel_round_altar,
          chequers_temple_overflow_statue_of_worship
D:4:      layout_basic, lemuel_coloured_pillars_altar, first_ration

Skill      XL: |  1  2  3  4  5 |
---------------+----------------+-----
Dodging        | 3 |  3.6
Unarmed Combat | 3 |  3.6
Armour         | 1 2 |  2.2
Fighting       | 4 |  4.0
Stealth        | |  1.7

Action                   |  1- 3 |  4- 6 || total
-------------------------+-------+-------++-------
Melee: Unarmed           |   114 |       ||   114
       Club              |    14 |    92 ||   106
       Kick              |     7 |    16 ||    23
       Punch             |     3 |       ||     3
 Stab: Sleeping          |     3 |     8 ||    11
       Distracted        |     1 |       ||     1
  Eat: Chunk             |     1 |     6 ||     7
Armor: Robe              |    12 |    14 ||    26
       Leather armour    |       |     3 ||     3
Dodge: Dodged            |    67 |    79 ||   146

Table legend:
 A = Non-vault XP
 B = Vault XP
 C = Vault XP percentage of total XP
 D = Non-vault monster count
 E = Vault monster count
 F = Vault count percentage of total count
                 A         B        C        D         E       F
            +---------+---------+-------+---------+---------+-------
      Total |     213 |      74 |  25.8 |      64 |      19 |  22.9
            +---------+---------+-------+---------+---------+-------
        D:1 |      35 |      21 |  37.5 |      19 |       5 |  20.8
        D:2 |      48 |      53 |  52.5 |      17 |      14 |  45.2
        D:3 |      64 |       0 |   0.0 |      18 |       0 |   0.0
        D:4 |      66 |       0 |   0.0 |      10 |       0 |   0.0
            +---------+---------+-------+---------+---------+-------
